 Dungeon Crawl Stone Soup version 0.28.0-45-g0d030f2227 (webtiles) character file.

Game seed: 3409841978560283863

747 crimpus the Cudgeller (level 7, -9/76 HPs)
             Began as an Ogre Berserker on Apr 16, 2022.
             Was an Initiate of Okawaru.
             Mangled by a polar bear (22 damage)
             ... created by the rage of Trog
             ... on level 5 of the Dungeon.
             The game lasted 00:05:56 (4719 turns).

crimpus the Cudgeller (Ogre Berserker)              Turns: 4719, Time: 00:05:57

Health: -9/76      AC:  6    Str: 24    XL:     7   Next: 77%
Magic:  7/7        EV: 14    Int:  8    God:    Okawaru [......]
Gold:   263        SH:  0    Dex:  8    Spells: 6/6 levels left

rFire   . . .      SeeInvis .   p - +5 spear (vorpal)
rCold   . . .      Faith    .   (no shield)
rNeg    . . .      Spirit   .   b - +0 animal skin
rPois   .          Reflect  .   (helmet restricted)
rElec   .          Harm     .   h - +2 cloak
rCorr   .          Rampage  .   (gloves unavailable)
Will    .....                   (boots unavailable)
Stlth   +.........              (no amulet)
HPRegen 0.22/turn               d - +4 ring of evasion
MPRegen 0.10/turn               (no ring)

@: hasted, very quick
A: large, unfitting armour, tough skin 1
a: Renounce Religion


You were on level 5 of the Dungeon.
You worshipped Okawaru.
Okawaru was noncommittal.
You visited 2 branches of the dungeon, and saw 6 of its levels.

You collected 263 gold pieces.

Inventory:

Hand Weapons
 a - a +0 mace
 p - a +5 vorpal spear (weapon)
 u - a +0 giant club
Armour
 b - a +0 animal skin (worn)
 h - a +2 cloak (worn)
Jewellery
 d - a +4 ring of evasion (left hand)
Wands
 o - a wand of paralysis (2)
Scrolls
 e - a scroll of brand weapon {unknown}
 f - a scroll of identify
 j - 3 scrolls of immolation {unknown}
 l - a scroll of magic mapping
Potions
 c - 2 potions of flight
 g - a potion of curing {unknown}
 i - 3 potions of mutation {unknown}
 k - 2 potions of magic {unknown}
 n - a potion of degeneration {unknown}
 q - 2 potions of heal wounds {unknown}
 r - a potion of haste


   Skills:
 * Level 6.6 Fighting
 * Level 7.0 Maces & Flails
 - Level 3.0 Dodging


You had 6 spell levels left.
You didn't know any spells.
Your spell library was empty.

Dungeon Overview and Level Annotations

Branches:
Dungeon (5/15)             Temple (1/1) D:4

Altars:
Ashenzari
Cheibriados
Dithmenos
Elyvilon
Fedhas
Gozag
Hepliaklqana
Kikubaaqudgha
Makhleb
Nemelex Xobeh
Okawaru
Qazlal
Ru
Sif Muna
Trog
Uskayaw
Vehumet
Wu Jian
Xom
Yredelemnul
Zin


Innate Abilities, Weirdness & Mutations

You are too large for most types of armour.
You have tough skin. (AC +1)


Message History

A centaur comes into view.
A centaur is nearby!
A centaur is nearby!
A centaur is nearby!
The centaur shouts!
The centaur drinks a potion.
The centaur seems to speed up.
You climb upwards.
There is a stone staircase leading down here.
You start resting.
Trog sends monsters to punish you. 2 black bears and 4 polar bears come into view.
There are monsters nearby!
There are monsters nearby!
You feel yourself speed up.
You can't go up here!
You climb downwards.
There is a stone staircase leading up, spattered with blood here.
You puncture the polar bear!
The polar bear is lightly wounded.
The polar bear barely misses you. x2; The polar bear claws you.
The polar bear bites you!!
The polar bear claws you but does no damage.
The polar bear misses you.
You hit the polar bear.
The polar bear is moderately wounded.
The polar bear bites you! The polar bear closely misses you.
The polar bear completely misses you.
You barely miss the polar bear.
The polar bear is moderately wounded.
The polar bear barely misses you. x2
The polar bear claws you but does no damage.
You hit the polar bear but do no damage.
The polar bear is moderately wounded.
The polar bear bites you!
* * * LOW HITPOINT WARNING * * *
The polar bear claws you.
* * * LOW HITPOINT WARNING * * *
The polar bear barely misses you. The polar bear bites you!!
You die...

## .######
.......
.......
#####.[|....
#@hhc.....Y.
######......
..... ....
... .. #


You could see 2 polar bears and a centaur.

Vanquished Creatures
  An ice beast (D:5)
  An orc warrior (D:4)
  3 ogres
  A phantom (D:3)
  A hound (D:4)
  An orc priest (D:4)
  An iguana (D:4)
  Ijyb (D:3)
  Robin (D:3)
  An adder (D:2)
  An ufetubus (D:4)
  2 worms (D:3)
  6 dart slugs
  2 orcs (D:4)
  11 endoplasms
  A giant cockroach (D:2)
  13 goblins
  9 hobgoblins
  4 kobolds
  6 ball pythons
  9 bats
  3 frilled lizards
  3 rats
82 creatures vanquished.

Notes
Turn   | Place    | Note
-------+----------+-------------------------------------------
     0 | D:1      | crimpus the Ogre Berserker began the quest for the Orb.
     0 | D:1      | Reached XP level 1. HP: 24/24 MP: 1/1
   194 | D:1      | Reached skill level 3 in Maces & Flails
   194 | D:1      | Reached XP level 2. HP: 30/32 MP: 2/2
   739 | D:1      | Reached XP level 3. HP: 34/40 MP: 3/3
  1581 | D:2      | Found a shimmering altar of Xom.
  1796 | D:2      | Reached XP level 4. HP: 49/49 MP: 4/4
  2245 | D:3      | Reached ** piety under Trog
  2254 | D:3      | Noticed Ijyb
  2259 | D:3      | Paralysed by Ijyb for 2 turns
  2268 | D:3      | Killed Ijyb
  2269 | D:3      | Reached skill level 4 in Maces & Flails
  2403 | D:3      | Noticed Robin
  2457 | D:3      | Reached XP level 5. HP: 40/55 MP: 5/5
  2460 | D:3      | Killed Robin
  3107 | D:4      | Noticed a phantom
  3128 | D:3      | Killed a phantom
  3129 | D:3      | Reached skill level 5 in Fighting
  3129 | D:3      | Reached skill level 5 in Maces & Flails
  3214 | D:4      | Noticed an orc warrior
  3223 | D:4      | Killed an orc warrior
  3224 | D:4      | Reached XP level 6. HP: 66/66 MP: 6/6
  3387 | D:4      | Reached skill level 6 in Maces & Flails
  3387 | D:4      | Reached XP level 7. HP: 74/74 MP: 7/7
  3395 | D:4      | Found a staircase to the Ecumenical Temple.
  4218 | Temple   | Entered the Ecumenical Temple
  4460 | Temple   | Fell from the grace of Trog
  4460 | Temple   | Became a worshipper of Warmaster Okawaru
  4509 | D:5      | Entered Level 5 of the Dungeon
  4532 | D:5      | Reached skill level 7 in Maces & Flails
  4712 | D:4      | Noticed a polar bear
  4712 | D:4      | Noticed a polar bear
  4712 | D:4      | Noticed a polar bear
  4712 | D:4      | Noticed a polar bear
  4719 | D:5      | Mangled by a polar bear

Illustrated notes

Levels and vault maps discovered:
D:1:      wheals_arrival_linesprint, layout_basic, minmay_surrounded
D:2:      layout_rooms, basic_altar, grunt_decor_junction
D:3:      layout_basic, nicolae_concentric_dashed_squares_mild, uniq_robin,
          uniq_ijyb
D:4:      layout_basic, temple_hall
D:5:      layout_basic, kennysheep_cross_bottleneck
Temple:   mainiacjoe_temple_hex_bubbles

Skill      XL: |  1  2  3  4  5  6  7 |
---------------+----------------------+-----
Maces & Flails | 3 4 5 6 7 |  7.0
Dodging        | 3 |  3.0
Fighting       | 5 6 |  6.6

Action                   |  1- 3 |  4- 6 |  7- 9 || total
-------------------------+-------+-------+-------++-------
Melee: Mace              |   106 |    76 |       ||   182
       Punch             |     1 |       |       ||     1
       Spear             |       |    34 |    35 ||    69
Invok: Berserk           |     2 |     3 |       ||     5
  Use: Scroll            |     2 |       |     7 ||     9
       Potion            |       |       |     2 ||     2
 Stab: Sleeping          |     1 |       |       ||     1
Armor: Animal skin       |    33 |    14 |    11 ||    58
Dodge: Dodged            |    94 |    65 |    31 ||   190
